 Dungeon Crawl Stone Soup version 0.16.1-51-g6203257 (webtiles) character file.

1381 Ladykiller69 the Cleaver (level 8, -1/60 HPs)
             Began as a Formicid Fighter on July 13, 2015.
             Was a Believer of Cheibriados.
             Slain by a wyvern (12 damage)
             ... on level 8 of the Dungeon.
             The game lasted 00:15:50 (4814 turns).

Ladykiller69 the Cleaver (Formicid Fighter)         Turns: 4814, Time: 00:15:50

Health: -1/60      AC: 12    Str: 27    XL:     8   Next: 99%
Magic:  11/11      EV:  8    Int: 12    God:    Cheibriados [**....]
Gold:   244        SH: 12    Dex: 14    Spells: 0 memorised, 7 levels left

rFire  . . .     SeeInvis +     a - +0 war axe
rCold  . . .     Clarity  .     f - +0 chain mail (curse)
rNeg   . . .     SustAb   .     c - +0 shield
rPois  .         Gourm    .     (helmet unavailable)
rElec  .         Spirit   .     j - +1 cloak
rCorr  .         Warding  .     D - +0 pair of gloves
rMut   .         Stasis   +     (no boots)
MR     .....                    (no amulet)
Stlth  ..........               (no ring)
                                (no ring)

@: very slow, not resistant to hostile enchantments, extremely unstealthy
A: permanent stasis, dig shafts and tunnels, four strong arms, antennae 3
a: Dig, Shaft Self, Bend Time, Renounce Religion


You were on level 8 of the Dungeon.
You worshipped Cheibriados.
Cheibriados was pleased with you.
You were not hungry.

You visited 2 branches of the dungeon, and saw 8 of its levels.

You collected 244 gold pieces.

Inventory:

Hand weapons
 a - a +0 war axe (weapon)
Missiles
 L - 2 tomahawks of dispersal (quivered)
Armour
 b - a +0 scale mail
 c - a +0 shield (worn)
 f - a cursed +0 chain mail (worn)
 j - a +1 cloak (worn)
 D - a +0 pair of gloves (worn)
 I - a +0 plate armour
Jewellery
 w - an uncursed ring of teleport control {unknown}
 y - a +2 ring of strength {unknown}
 E - a cursed -2 ring of dexterity {unknown}
Magical devices
 x - a wand of random effects (19)
 K - a wand of polymorph (13)
Scrolls
 g - 5 scrolls of noise {unknown}
 h - 3 scrolls of amnesia {unknown}
 k - 3 scrolls of remove curse {unknown}
 m - 3 scrolls of fog {unknown}
 o - 9 scrolls of identify {unknown}
 q - 3 scrolls of immolation {unknown}
 u - a scroll of teleportation {unknown}
 F - 2 scrolls of recharging {unknown}
 G - a scroll of vulnerability {unknown}
Potions
 e - 2 potions of might
 n - a potion of resistance {unknown}
 p - a potion of mutation {unknown}
 r - a potion of invisibility {unknown}
 t - a potion of agility {unknown}
 v - a potion of degeneration {unknown}
 z - a potion of haste {unknown}
 B - a potion of curing
 C - a potion of heal wounds {unknown}
Books
 s - a book of Ice

   Spells                             Type                      Level
   a - Ice Form                       Ice/Transmutation            4
   b - Metabolic Englaciation         Hexes/Ice                    5
   c - Ozocubu's Refrigeration        Ice                          6
   d - Bolt of Cold                   Conjuration/Ice              6
   e - Freezing Cloud                 Conjuration/Ice/Air          6
   f - Simulacrum                     Ice/Necromancy               6
Comestibles
 d - 6 bread rations
 i - 2 royal jellies
 l - 2 beef jerkies
 A - a chunk of flesh
 J - a meat ration


   Skills:
 - Level 4.1 Fighting
 * Level 8.3 Axes
 - Level 4.0 Armour
 + Level 7.8 Shields


You had 7 spell levels left.
You didn't know any spells.

Dungeon Overview and Level Annotations

Branches:
Dungeon (8/15)             Temple (1/1) D:4
   Lair: D:8-11

Altars:
Cheibriados
Gozag
Makhleb
Nemelex Xobeh
Okawaru
Qazlal
Ru
Sif Muna
Zin

Annotations:
D:2 1 exclusion
D:3 kae's ghost, average DrTm
D:5 2 runed doors


Innate Abilities, Weirdness & Mutations

You are under a permanent stasis effect.
You can dig through walls and to a lower floor.
Your four strong arms can wield two-handed weapons with a shield.
You have a pair of large antennae on your head (SInv).


Message History

You slash the wyvern!
The wyvern is almost dead.
You block the wyvern's attack.
You hit the wyvern.
The wyvern is almost dead.
The wyvern bites you!
* * * LOW HITPOINT WARNING * * *
The wyvern bites you.
* * * LOW HITPOINT WARNING * * *
Drink which item? (? for menu, Esc to quit)
You feel better. The wyvern bites you.
* * * LOW HITPOINT WARNING * * *
You hit the wyvern.
The wyvern is almost dead.
The wyvern barely misses you.
The wyvern bites you but does no damage.
You closely miss the wyvern.
The wyvern is almost dead.
You block the wyvern's attack. The wyvern bites you!
You die...

. ... ... .. .#
###.### ##.....
##....###
##...@D..##.#
#.............
###.....#.###.
#.........###.#
#...............
#.........###..
####...##.#
#...##.####
#...#......


You could see a wyvern.

Vanquished Creatures
  Pikel (D:5)
  A deep elf mage (D:8)
  A phantom (D:5)
  A scorpion (D:6)
  A wyvern skeleton (D:8)
  A crimson imp (D:6)
  2 hounds (D:4)
  An orc priest (D:3)
  4 iguanas
  A jelly (D:5)
  A giant frog skeleton (D:6)
  An orc wizard (D:8)
  2 worker ants
  Ijyb (D:2)
  A worker ant zombie (D:5)
  5 adders
  6 worms
  An adder skeleton (D:4)
  9 giant geckos
  An ooze (D:5)
  14 orcs
  6 bats
  10 goblins
  8 hobgoblins
  8 jackals
  4 quokkas
  A ball python (D:4)
  4 giant cockroaches
  5 giant newts
  13 kobolds
  A quokka skeleton (D:5)
  9 rats
125 creatures vanquished.

Vanquished Creatures (others)
  A jelly (D:5)
  A bat zombie (D:5)
2 creatures vanquished.

Grand Total: 127 creatures vanquished

Notes
Turn   | Place    | Note
--------------------------------------------------------------
     0 | D:1      | Ladykiller69, the Formicid Fighter, began the quest for the Orb.
     0 | D:1      | Reached XP level 1. HP: 18/18 MP: 1/1
   148 | D:1      | Reached XP level 2. HP: 17/24 MP: 3/3
   629 | D:1      | Reached skill level 4 in Shields
   630 | D:1      | Reached XP level 3. HP: 27/30 MP: 4/4
   819 | D:2      | Noticed Ijyb
   834 | D:2      | Killed Ijyb
   869 | D:2      | Reached XP level 4. HP: 23/37 MP: 5/5
  1140 | D:2      | Found an iron altar of Okawaru.
  1342 | D:2      | Found a deep blue altar of Sif Muna.
  1736 | D:3      | Reached XP level 5. HP: 19/42 MP: 7/7
  2207 | D:3      | Noticed kae's ghost (average DrTm)
  2393 | D:4      | Reached XP level 6. HP: 48/48 MP: 8/8
  2620 | D:4      | Found a staircase to the Ecumenical Temple.
  2634 | Temple   | Entered the Ecumenical Temple
  2706 | Temple   | Became a worshipper of Cheibriados the Contemplative
  2754 | D:4      | Reached skill level 5 in Shields
  2921 | D:3      | Found a glowing silver altar of Zin.
  2921 | D:3      | Noticed an angel
  3710 | D:5      | Entered Level 5 of the Dungeon
  3715 | D:5      | Noticed Pikel
  3715 | D:5      | Noticed a slave
  3715 | D:5      | Noticed a slave
  3744 | D:5      | Killed Pikel
  3744 | D:5      | Acquired Cheibriados' first power
  3744 | D:5      | Reached skill level 6 in Axes
  3744 | D:5      | Reached XP level 7. HP: 41/54 MP: 9/9
  3744 | D:5      | Reached XP level 8. HP: 45/60 MP: 11/11
  3749 | D:5      | Noticed a freed slave
  3751 | D:5      | Noticed a freed slave
  3861 | D:5      | Found a runed door.
  3916 | D:5      | Reached skill level 7 in Axes
  4274 | D:5      | Found a runed door.
  4602 | D:6      | HP: 3/60 [goliath beetle (23)]
  4605 | D:6      | You fall through a shaft for 2 floors!
  4777 | D:8      | Reached skill level 8 in Axes
  4814 | D:8      | Slain by a wyvern

Action                   |  1- 3 |  4- 6 |  7- 9 || total
-------------------------+-------+-------+-------++-------
Melee: War axe           |   103 |   285 |   158 ||   546
 Abil: Dig               |     1 |     4 |     6 ||    11
       Shaft Self        |       |       |     1 ||     1
  Use: Potion            |       |       |     2 ||     2
  Eat: Chunk             |       |    10 |     3 ||    13
       Pizza             |       |       |     1 ||     1
